 Dungeon Crawl Stone Soup version 0.29.1-14-g9c671dbff4 (webtiles) character file.

Game seed: 5553426066091114961

152 leafyfresh the Ducker (level 5, 0/35 HPs)
             Began as a Djinni Ice Elementalist on Feb 18, 2023.
             Killed by their own static electricity (3 damage)
             ... on level 4 of the Dungeon.
             The game lasted 00:04:05 (3454 turns).

leafyfresh the Ducker (Djinni Ice Elementalist)     Turns: 3454, Time: 00:04:06

Health: 0/35       AC: 14    Str:  7    XL:     5   Next: 60%
Gold:   129        EV: 12    Int: 19    God:
                   SH:  0    Dex: 13

rFire   + + .      SeeInvis .   l - +0 dagger (drain)
rCold   . . .      Faith    .   (no shield)
rNeg    + . .      Spirit   .   n - +2 leather armour of Watchfulness {+Blink +Inv rC+ rN+}
rPois   ∞          Reflect  .   (no helmet)
rElec   .          Harm     .   q - +0 cloak
rCorr   .          Rampage  .   (no gloves)
Will    .....                   (boots unavailable)
Stlth   ++........              (no amulet)
HPRegen 0.11/turn               s - +4 ring of protection
MPRegen 0.00/turn               (no ring)

@: ice-armoured, freezing walls, flying, very slightly contaminated
A: sickness immunity, fire resistance 2, cold vulnerability 1, float, innate
caster, HP casting, extra vitality 1
a: Evoke Blink, Evoke Invisibility


You were on level 4 of the Dungeon.
You visited 2 branches of the dungeon, and saw 5 of its levels.

You collected 129 gold pieces.

Inventory:

Hand Weapons
 g - a +0 club
 h - a +0 dagger
 l - a +0 dagger of draining (weapon)
Missiles
 m - 6 javelins
 p - 10 silver javelins
Armour
 a - a +0 robe
 n - the +2 leather armour of Watchfulness (worn) {+Blink +Inv rC+ rN+}
   (You found it on level 2 of the Dungeon)

   rC:        It protects you from cold.
   rN:        It protects you from negative energy.
   +Inv:      It lets you turn invisible.
   +Blink:    It lets you blink.
 q - a +0 cloak (worn)
 r - the +2 leather armour "Zaemp" {rPois Int+2}
   (You found it on level 3 of the Dungeon)

   Int:       It affects your intelligence (+2).
   rPois:     It protects you from poison.
 t - a +0 robe of cold resistance
Magical Staves
 f - a staff of earth
Jewellery
 s - a +4 ring of protection (left hand)
Scrolls
 b - a scroll of blinking {unknown}
 d - 4 scrolls of butterflies {unknown}
 j - 2 scrolls of teleportation {unknown}
 k - 3 scrolls of identify {unknown}
 o - a scroll of poison {unknown}
 v - a scroll of immolation {unknown}
 w - a scroll of magic mapping {unknown}
Potions
 c - a potion of invisibility {unknown}
 e - a potion of resistance {unknown}
 i - 2 potions of curing {unknown}
 u - a potion of flight {unknown}


   Skills:
 + Level 4.4 Dodging
 - Level 1.5 Stealth
 + Level 4.2 Spellcasting


You couldn't memorise any spells.
You knew the following spells:

 Your Spells              Type           Power      Damage    Failure   Level
a - Freeze                Ice            80%        1d9       3%          1
b - Frozen Ramparts       Ice            40%        1d7       11%         3
c - Ozocubu's Armour      Ice            20%        N/A       11%         3
d - Hailstorm             Conj/Ice       20%        3d6       34%         4
e - Apportation           Tloc           40%        N/A       3%          1
f - Static Discharge      Conj/Air       20%        3-6/arc   5%          2
Your spell library was empty.

Dungeon Overview and Level Annotations

Branches:
Dungeon (4/15)             Temple (1/1) D:4

Altars:
Cheibriados
Dithmenos
Elyvilon
Fedhas
Gozag
Hepliaklqana
Makhleb
Nemelex Xobeh
Qazlal
Trog
Uskayaw
Wu Jian
Zin
The Shining One

Annotations:
D:3 3 runed translucent doors, ShinQuickMan's ghost, amateur HuCj


Innate Abilities, Weirdness & Mutations

You are immune to sickness and miasma.
You are immune to poison.
Your flesh is very heat resistant. (rF++)
You are vulnerable to cold. (rC-)
You float through the air rather than walking.
You learn spells naturally, not from books.
Your magical power is your life essence.
You have superior vitality. (+4 MHP)


Message History

Nothing appears to happen.
The wall freezes the hobgoblin.
The phantom completely resists.
The wall freezes the phantom but does no damage.
Unknown command.
Unknown command.
Casting: Hailstorm (extremely dangerous; 34% risk of failure)
Confirm with . or Enter, or press ? or * to list all spells.
Okay, then.
Casting: Hailstorm (extremely dangerous; 34% risk of failure)
Confirm with . or Enter, or press ? or * to list all spells.
The phantom is struck by an arc of lightning!
The phantom is moderately damaged.
You are struck by an arc of lightning.
The lightning grounds out.
The wall freezes the hobgoblin.
You kill the hobgoblin!
The phantom completely resists.
The wall freezes the phantom but does no damage.
The phantom hits you.
* * * LOW HITPOINT WARNING * * *
Unknown command.
Unknown command.
Casting: Static Discharge (safe; 5% risk of failure)
Confirm with . or Enter, or press ? or * to list all spells.
The phantom is struck by an arc of lightning.
The phantom is heavily damaged.
You are struck by an arc of lightning.
* * * LOW HITPOINT WARNING * * *
The phantom is struck by an arc of lightning.
The phantom is severely damaged.
The lightning grounds out.
* * * LOW HITPOINT WARNING * * *
The phantom completely resists.
The wall freezes the phantom but does no damage.
The phantom hits you but does no damage.
Casting: Static Discharge (safe; 5% risk of failure)
Confirm with . or Enter, or press ? or * to list all spells.
The phantom is struck by an arc of lightning.
The phantom is almost destroyed.
You are struck by an arc of lightning.
You die...

#.### #.#.. ..#.#
#.#.# #.#.# #.#.#
...########.#.###
....(.≈≈≈≈≈≈
#.##†.≈≈≈≈≈≈...≈≈≈≈≈≈


You could see a phantom.

Vanquished Creatures
  Natasha (D:4)
  An iguana (D:4)
  5 adders
  2 dart slugs
  2 orcs
  9 ball pythons
  6 endoplasms
  5 giant cockroaches
  2 hobgoblins
  2 quokkas
  4 bats
  3 frilled lizards
  5 goblins
  4 kobolds
  4 rats
55 creatures vanquished.

Vanquished Creatures (others)
  A plant (D:4)
1 creature vanquished.

Grand Total: 56 creatures vanquished

Notes
Turn   | Place    | Note
-------+----------+-------------------------------------------
     0 | D:1      | leafyfresh the Djinni Ice Elementalist began the quest for
                  | the Orb.
     0 | D:1      | leafyfresh set off with the following spells memorised:
                  | Freeze, Frozen Ramparts, Ozocubu's Armour, Hailstorm.
     0 | D:1      | Reached XP level 1. HP: 15/15 MP: 0/0
   433 | D:1      | Reached XP level 2. HP: 7/21 MP: 0/0
  1102 | D:1      | Found a faded altar of an unknown god.
  1917 | D:2      | Reached XP level 3. HP: 25/25 MP: 0/0
  1917 | D:2      | Learned a level 1 spell: Apportation
  1947 | D:2      | Identified the +2 leather armour of Watchfulness {+Blink
                  | +Inv rC+ rN+}
  2439 | D:2      | Found a glowing silver altar of Zin.
  2679 | D:3      | Identified the +2 leather armour "Zaemp" {rPois Int+2}
  2762 | D:3      | Reached XP level 4. HP: 27/31 MP: 0/0
  2811 | D:3      | Found a runed translucent gate.
  2811 | D:3      | Found a runed translucent gate.
  2811 | D:3      | Found a runed translucent gate.
  2816 | D:3      | Noticed ShinQuickMan's ghost (amateur HuCj)
  3289 | D:4      | Noticed an ogre
  3311 | D:4      | Reached XP level 5. HP: 30/35 MP: 0/0
  3311 | D:4      | Learned a level 2 spell: Static Discharge
  3359 | D:4      | Found a staircase to the Ecumenical Temple.
  3363 | D:4      | Noticed a centaur
  3370 | Temple   | Entered the Ecumenical Temple
  3443 | D:4      | Noticed a phantom
  3445 | D:4      | Noticed Natasha
  3450 | D:4      | Killed Natasha
  3454 | D:4      | Killed from afar by themself

Illustrated notes

Levels and vault maps discovered:
D:1:      onia_arrival_mini_maze, layout_loops_cross,
          chequers_ecumenical_altar_simple_redux, st_stairs_8
D:2:      layout_loops_ring, basic_altar
D:3:      layout_basic, ebering_ghost_rock_garden, minmay_shallow_snake_nest
D:4:      corexii_shantytown, layout_loops_ring, temple_pool_b, uniq_eustachio,
          uniq_natasha
Temple:   hellmonk_temple_of_storms

Skill      XL: |  1  2  3  4 |
---------------+-------------+-----
Dodging        | 3 4 |  4.4
Spellcasting   | 4 |  4.2
Stealth        | |  1.5

Action                   |  1- 3 |  4- 6 || total
-------------------------+-------+-------++-------
Melee: Unarmed           |     9 |       ||     9
       Dagger            |    61 |    40 ||   101
       Club              |     2 |       ||     2
       Punch             |     1 |       ||     1
 Cast: Freeze            |    29 |     4 ||    33
       Frozen Ramparts   |     1 |     3 ||     4
       Static Discharge  |       |     2 ||     2
       Ozocubu's Armour  |       |     1 ||     1
       Hailstorm         |       |     1 ||     1
 Stab: Sleeping          |     4 |     1 ||     5
Armor: Robe              |     6 |       ||     6
       Leather armour    |    20 |    19 ||    39
Dodge: Dodged            |    58 |    20 ||    78
